 Dungeon Sprint DCSS version 0.26-a0-712-ga5a9c9c9d0 (webtiles) character file.

Game seed: 11560283570645945162

89 mhtbhm the Skirmisher (level 4, 0/32 HPs)
             Began as a Gargoyle Fighter on Oct 31, 2020.
             Was an Initiate of Okawaru.
             Slain by a wyvern (9 damage)
             ... in the Dungeon (Sprint IX: "|||||||||||||||||||||||||||||").
             The game lasted 00:00:25 (150 turns).

mhtbhm the Skirmisher (Gargoyle Fighter)             Turns: 150, Time: 00:00:25

Health: 0/32       AC: 11    Str: 20    XL:     4   Next: 55%
Magic:  4/4        EV:  7    Int:  9    God:    Okawaru [......]
Gold:   0          SH: 10    Dex:  9    Spells: 3/3 levels left

rFire    . . .     SeeInvis .   a - +0 flail
rCold    . . .     Faith    .   c - +0 kite shield
rNeg     + . .     Spirit   .   b - +0 scale mail
rPois    ∞         Reflect  .   (no helmet)
rElec    +         Harm     .   (no cloak)
rCorr    .         Rampage  .   (no gloves)
MR       .....     NoTele   +   (no boots)
Stlth    ..........             (no amulet)
HPRegen  0.10/turn              (no ring)
MPRegen  0.09/turn              (no ring)

@: no status effects
A: negative energy resistance 1, electricity resistance, unbreathing,
petrification resistance, rot immunity, AC +3
a: Renounce Religion


You were in the Dungeon.
You worshipped Okawaru.
Okawaru was noncommittal.
You visited 1 branch

Inventory:

Hand Weapons
 a - a +0 flail (weapon)
Armour
 b - a +0 scale mail (worn)
 c - a +0 kite shield (worn)
Jewellery
 n - a +2 ring of protection
 o - a +3 ring of dexterity
Wands
 m - a wand of iceblast (10)
Scrolls
 j - 2 scrolls of blinking
 k - 3 scrolls of remove curse
 l - 2 scrolls of amnesia
Potions
 d - a potion of might
 e - 5 potions of curing
 f - 3 potions of heal wounds
 g - a potion of haste
 h - 4 potions of magic
 i - a potion of invisibility


   Skills:
 + Level 6.0 Fighting
 + Level 4.2 Maces & Flails
 + Level 5.8 Armour
 + Level 0.2 Dodging
 + Level 5.5 Shields


You had 3 spell levels left.
You didn't know any spells.
Your spell library was empty.

Dungeon Overview and Level Annotations

Branches:
Dungeon (1/1)

Altars:
Cheibriados
Dithmenos
Elyvilon
Fedhas
Gozag
Hepliaklqana
Kikubaaqudgha
Makhleb
Nemelex Xobeh
Okawaru
Qazlal
Ru
Sif Muna
Trog
Uskayaw
Vehumet
Wu Jian
Xom
Yredelemnul
Zin
The Shining One
Beogh
Jiyva
Lugonu


Innate Abilities, Weirdness & Mutations

You are resistant to torment.
Your stone body is resilient. (AC +3)
You are immune to poison.
You resist negative energy. (rN+)
You are resistant to electric shocks. (rElec)
You can survive without breathing.
You are immune to petrification.
You are immune to rotting.


Message History

Items here: )))))).
You see here a +0 pair of gloves.
You see here a +0 helmet.
You see here a +1 chain mail.
n - a +2 ring of protection
o - a +3 ring of dexterity As you open the door, it creaks loudly!
A wyvern, a jelly, a big kobold, a centaur, a troll and a zombie come into view.
The centaur shouts!
The troll shouts!
Unknown command.
Okay, then.
Evoke which item? (* to show all) (? for menu, Esc to quit)
Okay, then.
You closely miss the wyvern. You block the wyvern's attack.
The wyvern bites you!
* * * LOW HITPOINT WARNING * * *
You sock the wyvern!
The wyvern is moderately wounded.
The wyvern bites you!
You die...

▓.▓
▓.▓
▓)▓
▓.▓
▓[▓
▓[▓
▓[▓
▓.▓
▓@▓
▓l▓
▓K▓
▓c▓
▓.▓
▓T▓
▓Z▓
▓J▓


You could see a troll, a wyvern, a big kobold, a centaur, a jelly and a jackal
zombie.

Vanquished Creatures
  3 worker ants (D)
  A shadow imp (D)
  An adder skeleton (D)
  A bat (D)
  3 hobgoblins (D)
  A rat (D)
10 creatures vanquished.

Notes
Turn   | Place    | Note
-------+----------+-------------------------------------------
     0 | D        | mhtbhm the Gargoyle Fighter began the quest for the Orb.
     0 | D        | Reached XP level 1. HP: 14/14 MP: 1/1
    14 | D        | Reached skill level 4 in Fighting
    42 | D        | Noticed a worker ant
    42 | D        | Noticed a worker ant
    42 | D        | Noticed a worker ant
    59 | D        | Killed a worker ant
    59 | D        | Reached XP level 2. HP: 12/20 MP: 2/2
    59 | D        | Reached XP level 3. HP: 15/25 MP: 3/3
    62 | D        | Reached skill level 5 in Fighting
    62 | D        | Reached skill level 5 in Armour
    62 | D        | Reached skill level 5 in Shields
    65 | D        | Reached XP level 4. HP: 16/31 MP: 4/4
    70 | D        | Reached skill level 6 in Fighting
   105 | D        | Found a roughly hewn altar of Beogh.
   105 | D        | Found a snail-covered altar of Cheibriados.
   105 | D        | Found a shadowy altar of Dithmenos.
   105 | D        | Found a white marble altar of Elyvilon.
   105 | D        | Found a blossoming altar of Fedhas.
   105 | D        | Found an opulent altar of Gozag.
   106 | D        | Found a hazy altar of Hepliaklqana.
   107 | D        | Found a viscous altar of Jiyva.
   108 | D        | Found an ancient bone altar of Kikubaaqudgha.
   109 | D        | Found a corrupted altar of Lugonu.
   110 | D        | Found a burning altar of Makhleb.
   111 | D        | Found a sparkling altar of Nemelex Xobeh.
   112 | D        | Found an iron altar of Okawaru.
   113 | D        | Found a stormy altar of Qazlal.
   114 | D        | Found a sacrificial altar of Ru.
   115 | D        | Found a shimmering blue altar of Sif Muna.
   116 | D        | Found a bloodstained altar of Trog.
   117 | D        | Found a hide-covered altar of Uskayaw.
   118 | D        | Found a radiant altar of Vehumet.
   119 | D        | Found an ornate altar of the Wu Jian Council.
   120 | D        | Became a worshipper of Warmaster Okawaru
   121 | D        | Found a shimmering altar of Xom.
   122 | D        | Found a basalt altar of Yredelemnul.
   123 | D        | Found a glowing silver altar of Zin.
   124 | D        | Found a glowing golden altar of the Shining One.
   148 | D        | Noticed a wyvern
   148 | D        | Noticed a big kobold
   148 | D        | Noticed a centaur
   148 | D        | Noticed a troll
   150 | D        | Slain by a wyvern

Illustrated notes

Levels and vault maps discovered:
D:        linesprint [early_d, line_temple, items_1, d_10, items_2, lair_1,
          lair_end, items_3, orc_1, orc_end, items_4, d_15, swamp_1, shoals_1,
          snake_1, spider_1, d_20, vaults_1, items_5, swamp_end, shoals_end,
          snake_end, spider_end, vaults_end, d_27, items_6, zot_1, zot_end,
          crypt_end, forest_end, elf_end, slime_end, tomb_end, abyss_end,
          pan_hell_end]

Skill      XL: |  1  2  3  4 |
---------------+-------------+-----
Fighting       | 4 5 6 |  6.0
Maces & Flails | 3 4 |  4.2
Armour         | 4 5 |  5.8
Shields        | 4 5 |  5.5
Dodging        | |  0.2

Action                   |  1- 3 |  4- 6 || total
-------------------------+-------+-------++-------
Melee: Flail             |    33 |    18 ||    51
  Use: Potion            |     1 |       ||     1
Armor: Scale mail        |    15 |     9 ||    24
Dodge: Dodged            |     7 |     3 ||    10
Block: Kite shield       |    10 |     8 ||    18

Table legend: (Time is in decaauts)
 A = Elapsed time spent in this place.
 B = Non-inter-level travel time spent in this place.
 C = Inter-level travel time spent in this place.
 D = Time resting spent in this place.
 E = Time spent auto-exploring this place.
 F = Levels seen in this place.
 G = Mean time per level.
                   A        B        C        D        E       F      G
               +--------+--------+--------+--------+--------+-----+--------+
         Total |    170 |    170 |      0 |     42 |      3 |   1 |  170.0 |
       Dungeon |    170 |    170 |      0 |     42 |      3 |   1 |  170.0 |
               +--------+--------+--------+--------+--------+-----+--------+

Top non-repeatable levels by time:
       D: 170 daAuts
